 Dungeon Crawl Stone Soup version 0.31-a0-188-g5e087ee2ca (webtiles) character file.

Game seed: 7402307091400302561

292 qw the Skirmisher (level 6, 0/35 HPs)
             Began as a Deep Elf Hunter on June 23, 2023.
             Slain by Pikel
             ... wielding a +2 whip of flaming
              (9 damage)
             ... on level 4 of the Dungeon.
             The game lasted 00:01:10 (3254 turns).

qw the Skirmisher (Deep Elf Hunter)                 Turns: 3254, Time: 00:01:11

Health: 0/35       AC:  6    Str: 10    XL:     6   Next: 10%
Magic:  8/8        EV: 13    Int: 14    God:
Gold:   129        SH:  0    Dex: 18    Spells: 5/5 levels left

rFire   + . .        Y - +1 shortbow (heavy)
rCold   + . .        (shield currently unavailable)
rNeg    + . .        m - +2 robe {rC+ rF+}
rPois   .            (no helmet)
rElec   .            b - +1 cloak
rCorr   .            (no gloves)
SInv    .            (no boots)
Will    .....        (no amulet)
Stlth   ++           c - ring of positive energy
HPRegen 0.25/turn    (no ring)
MPRegen 0.11/turn

%: no passive effects
@: no status effects
A: no striking features
a: no special abilities


You were on level 4 of the Dungeon.
You visited 1 branch of the dungeon, and saw 4 of its levels.

You collected 177 gold pieces.
You spent 48 gold pieces at shops.


   Skills:
 - Level 2.0 Fighting
 + Level 9.2 Ranged Weapons
 - Level 3.2 Dodging
 - Level 1.2 Stealth


You had 5 spell levels left.
You didn't know any spells.
Your spell library was empty.

Inventory:

Hand Weapons
 Y - a +1 heavy shortbow (weapon)
Armour
 b - a +1 cloak (worn)
 j - a +0 scale mail
 m - a +2 robe of resistance (worn)
 p - a +0 ring mail
 q - a +0 helmet
Jewellery
 c - a ring of positive energy (left hand)
 i - a ring of fire
 k - a ring of fire
Scrolls
 a - 4 scrolls of identify
 d - a scroll of fear {unknown}
 r - a scroll of poison {unknown}
Potions
 e - 5 potions of curing
 f - 2 potions of enlightenment
 g - a potion of haste {unknown}
 h - a potion of berserk rage {unknown}
 l - a potion of attraction {unknown}
 n - a potion of degeneration {unknown}
 o - a potion of might

Dungeon Overview and Level Annotations

Branches:
Dungeon (4/15)
 Temple: D:4-7

Altars:
Ashenzari

Shops:
D:4 [

Annotations:
D:2 1 runed translucent door, Crazy Yiuf
D:4 Pikel


Message History

Pikel, Merchant of Souls comes into view.
He is wielding a +2 whip of flaming.
You shoot an arrow. The arrow hits the lemure.
The lemure is moderately wounded.
You shoot an arrow. The arrow hits the lemure!
The lemure is severely wounded.
A lemure comes into view.
The lemure closely misses you.
You shoot an arrow. The arrow hits the lemure!
You kill the lemure!
That felt strangely unrewarding.
An orc wizard comes into view. It is wielding a +0 dagger.
You shoot an arrow. The arrow misses Pikel.
Pikel hits you with a +2 whip of flaming.
An orc comes into view. It is wielding a +0 flail.
A lemure comes into view.
Pikel completely misses you.
You shoot an arrow. The arrow closely misses Pikel.
The lemure shouts!
The orc wizard casts a spell.
The orc wizard flickers and vanishes!
Deactivating autopickup; reactivate with Ctrl-A.
Pikel closely misses you.
You shoot an arrow. The arrow hits Pikel!
Pikel is moderately wounded.
Pikel hits you but does no damage. Pikel closely misses you.
You shoot an arrow.
The arrow hits Pikel but does no damage.
Pikel is moderately wounded.
Pikel hits you with a +2 whip of flaming.
Pikel burns you.
You shoot an arrow. The arrow closely misses Pikel.
Pikel hits you but does no damage.
Pikel hits you with a +2 whip of flaming!
You shoot an arrow. The arrow hits Pikel!
Pikel is heavily wounded.
Pikel hits you with a +2 whip of flaming!
Pikel burns you.
You shoot an arrow. The arrow barely misses Pikel.
Pikel hits you with a +2 whip of flaming!
You die...

..........####.#.##.#
..........'....#.##.#
..........######.##.#
..........# #.##.#
########### #.##.#
#.##.# #.# #.# #@#
#.K{5.... ####5####
.. ##


You could see Pikel and 2 lemures.

Vanquished Creatures
  A lemure (D:4)
  3 orc priests (D:3)
  An iguana (D:4)
  Robin (D:4)
  6 adders
  3 dart slugs
  7 orcs
  6 bats
  10 endoplasms
  A giant cockroach (D:1)
  13 goblins
  8 hobgoblins
  4 jackals
  11 kobolds
  3 quokkas
  10 ball pythons
  4 frilled lizards
  9 rats
101 creatures vanquished.

Notes
Turn   | Place    | Note
-------+----------+-------------------------------------------
     0 | D:1      | qw the Deep Elf Hunter began the quest for the Orb.
     0 | D:1      | Reached XP level 1. HP: 12/12 MP: 3/3
     0 | D:1      | 0 ||| qw: Version: 0.3-a-9-g12657ce
     0 | D:1      | 0 ||| qw: Game counter: 3425
     0 | D:1      | 0 ||| qw: Always use a shield: true
     0 | D:1      | 0 ||| qw: God list: Okawaru
     0 | D:1      | 0 ||| qw: Allow faded altars: false
     0 | D:1      | 0 ||| qw: Do Orc after D:15 true
     0 | D:1      | 0 ||| qw: Do second Lair branch before Depths: true
     0 | D:1      | 0 ||| qw: Lair rune preference: random
     0 | D:1      | 0 ||| qw: Plans: Normal
     0 | D:1      | 0 ||| PLANNING D:1-11
    65 | D:1      | Reached XP level 2. HP: 16/16 MP: 4/4
    84 | D:1      | Reached skill level 6 in Ranged Weapons
   278 | D:1      | Reached XP level 3. HP: 20/20 MP: 5/5
   594 | D:1      | 594 ||| UPGRADING to +0 scale mail.
   604 | D:1      | 604 ||| DROPPING +0 leather armour.
   605 | D:1      | 605 ||| READING scroll labelled KAG SY PEEHU.
   606 | D:1      | 606 ||| READING scroll labelled NOT OCUIFOAR.
   607 | D:1      | 607 ||| READING scroll labelled LUILEN JUAQERO.
   608 | D:1      | 608 ||| DRINKING 3 bubbling blue potions.
   609 | D:1      | 609 ||| DROPPING scroll of butterflies.
   697 | D:2      | Reached skill level 7 in Ranged Weapons
  1010 | D:2      | Reached XP level 4. HP: 25/25 MP: 6/6
  1169 | D:2      | Found a runed translucent door.
  1170 | D:2      | Noticed Crazy Yiuf
  1677 | D:2      | 1677 ||| UPGRADING to ring of positive energy.
  1678 | D:2      | 1678 ||| READING scroll labelled CIXEBEITIGH.
  1679 | D:2      | 1679 ||| READING scroll labelled MAVOST ENIDAN.
  1714 | D:3      | Found a faded altar of an unknown god.
  1926 | D:3      | Found a broken altar of Ashenzari.
  2017 | D:3      | Reached skill level 8 in Ranged Weapons
  2072 | D:3      | Reached XP level 5. HP: 29/29 MP: 7/7
  2282 | D:3      | Reached skill level 9 in Ranged Weapons
  2576 | D:3      | 2576 ||| UPGRADING to +0 cloak.
  2581 | D:3      | 2581 ||| UPGRADING to +2 robe of resistance.
  2591 | D:3      | 2591 ||| READING scroll labelled CUPTER ILA.
  2592 | D:3      | 2592 ||| READING scroll labelled FYCO KAGIPHO.
  2593 | D:3      | 2593 ||| READING scroll labelled VEOG JORYUROY.
  2594 | D:3      | 2594 ||| DRINKING 2 fuming pink potions.
  2595 | D:3      | 2595 ||| READING 2 scrolls of identify.
  2595 | D:3      | 2595 ||| IDENTIFYING silvery potion
  2814 | D:4      | Reached skill level 3 in Dodging
  2818 | D:4      | 2818 ||| READING scroll of enchant armour.
  2818 | D:4      | 2818 ||| ENCHANTING +0 cloak.
  2879 | D:4      | Found Gubofrom's Armour Shoppe.
  2885 | D:4      | 2885 ||| BUYING +0 ring mail (48 gold).
  2885 | D:4      | Bought a +0 ring mail for 48 gold pieces
  2885 | D:4      | 2885 ||| SHOPLISTING +2 hood of the Assassin {Detect Stab+
                  | Stlth++} (720 gold, have 114).
  2918 | D:4      | Noticed Robin
  2925 | D:4      | Killed Robin
  2926 | D:4      | 2926 ||| FLEEEEING.
  2927 | D:4      | 2927 ||| FLEEEEING.
  2928 | D:4      | 2928 ||| FLEEEEING.
  2929 | D:4      | 2929 ||| FLEEEEING.
  2974 | D:4      | Reached XP level 6. HP: 35/35 MP: 8/8
  3244 | D:4      | Noticed Pikel
  3254 | D:4      | Slain by Pikel

Levels and vault maps discovered:
D:1:      mrwooster_arrival_statue_2, layout_loops_ring
D:2:      layout_basic, minmay_pentomino_z4, uniq_crazy_yiuf_cottage
D:3:      layout_loops_ring, mainiacjoe_overflow_alcove_2,
          nicolae_ecumenical_pavilion, wad_floor_pattern_untrapped
D:4:      layout_basic, serial_shops, shop, chequers_serial_rivers_large_a,
          uniq_pikel, uniq_robin

Skill      XL: |  1  2  3  4  5 |
---------------+----------------+-----
Ranged Weapons | 6 7 8 9 |  9.2
Dodging        | 3 |  3.2
Fighting       | 2 |  2.0
Stealth        | |  1.2

Action                     |  1- 3 |  4- 6 || total
---------------------------+-------+-------++-------
   Fire: Shortbow          |   128 |   131 ||   259
    Use: Scroll            |     3 |     7 ||    10
         Potion            |     1 |     1 ||     2
 Armour: Leather armour    |     4 |       ||     4
         Scale mail        |    18 |    11 ||    29
         Robe              |       |     5 ||     5
  Dodge: Dodged            |    30 |    29 ||    59

Table legend:
 A = Non-vault XP
 B = Vault XP
 C = Vault XP percentage of total XP
 D = Non-vault monster count
 E = Vault monster count
 F = Vault count percentage of total count
                 A         B        C        D         E       F
            +---------+---------+-------+---------+---------+-------
      Total |     387 |      31 |   7.4 |      90 |      10 |  10.0
            +---------+---------+-------+---------+---------+-------
        D:1 |      55 |       0 |   0.0 |      33 |       0 |   0.0
        D:2 |      57 |       5 |   8.1 |      21 |       3 |  12.5
        D:3 |     183 |       0 |   0.0 |      20 |       0 |   0.0
        D:4 |      92 |      26 |  22.0 |      16 |       7 |  30.4
            +---------+---------+-------+---------+---------+-------
